AoeStats
← Hector

African Clearing

506363492Analyzed
4v4 RM · 19d ago on Sep 13, 2026· 49m 41s· 8 players
Game mode
Random Map
Map size
Large (8 player)
Population
200
Speed
Normal
Resources
Standard
Victory
Conquest
Starting age
Dark Age
Ending age
Imperial Age
RankedLock teamsTeams togetherTeam positionsShared explorationLock speedFull tech treeHidden civsTurbo modeCheats
Victory
Defeat
🇨🇳 Huns · China
1397
+16
🇭🇰 Magyars · Hong Kong SAR China
1394
+16
🇹🇼 Mongols · Taiwan
1389
+16
🇮🇳 Spanish · India
1371
+17
🇨🇳 Saracens · China
1450
-18
🇦🇹 Vietnamese · Austria
1409
-16
🇦🇷 Koreans · Argentina
1399
-17
1333
-14
STephen
11:56 Loom
14:03 Feudal Age
17:55 Castle Age
16:17 Double-Bit Axe
16:42 Horse Collar
19:34 Bow Saw
24:02 Scale Barding Armor
27:41 Gold Mining
29:38 Chain Barding Armor
30:11 Husbandry
30:40 Bloodlines
33:08 Wheelbarrow
32:19 Town Watch
33:05 Heavy Plow
33:28 Corvinian Army
36:19 Hand Cart
40:37 Imperial Age
40:09 Stone Mining
40:54 Gold Shaft Mining
40:28 Light Cavalry
41:41 Conscription
40:57 Elite Magyar Huszar
42:44 Plate Barding Armor
46:04 Two-Man Saw
45:41 Hussar
46:44 Fletching
48:06 Cavalier
49:29 Ballistics
50:10 Chemistry
48:51 Treadmill Crane
49:23 Masonry
自娱自乐
12:55 Feudal Age
13:31 Double-Bit Axe
19:26 Loom
20:17 Wheelbarrow
23:26 Castle Age
22:26 Forging
22:07 Fletching
24:16 Bloodlines
24:33 Bow Saw
25:54 Bodkin Arrow
26:00 Padded Archer Armor
28:16 Gold Mining
28:10 Horse Collar
31:37 Leather Archer Armor
31:24 Husbandry
37:45 Imperial Age
36:04 Ballistics
35:44 Light Cavalry
36:30 Scale Barding Armor
36:42 Marauders
37:49 Elite Tarkan
38:50 Conscription
38:45 Heavy Plow
39:36 Chain Barding Armor
39:17 Bracer
40:35 Iron Casting
41:59 Plate Barding Armor
44:31 Blast Furnace
45:56 Chemistry
45:23 Parthian Tactics
45:03 Thumb Ring
45:16 Heavy Cavalry Archer
49:28 Coinage
50:00 Two-Man Saw
Vu_PY
15:13 Feudal Age
16:45 Loom
19:42 Castle Age
18:00 Double-Bit Axe
18:26 Fishing Lines
21:32 Bow Saw
22:56 Padded Archer Armor
25:40 Town Watch
31:06 Wheelbarrow
31:18 Leather Archer Armor
38:52 Fletching
42:16 Gillnets
48:02 Horse Collar
49:26 Hand Cart
murphykuang0205
3:49 Loom
13:46 Feudal Age
14:40 Double-Bit Axe
18:12 Castle Age
17:41 Fletching
19:09 Bow Saw
22:42 Horse Collar
23:53 Bodkin Arrow
25:53 Wheelbarrow
25:25 Town Watch
26:00 Gold Mining
27:49 Gold Shaft Mining
29:13 Husbandry
29:23 Bloodlines
30:13 Padded Archer Armor
31:20 Ballistics
35:34 Imperial Age
33:09 Stone Mining
33:57 Leather Archer Armor
33:26 Light Cavalry
34:22 Scale Barding Armor
35:16 Hand Cart
35:29 Thumb Ring
36:22 Stone Shaft Mining
36:18 Forging
36:26 Bracer
36:44 Forging
38:05 Chemistry
37:51 Parthian Tactics
38:04 Chain Barding Armor
37:11 Elite Mangudai
39:05 Iron Casting
38:23 Hussar
39:14 Siege Engineers
40:27 Conscription
41:10 Blast Furnace
42:56 Chain Barding Armor
43:37 Onager
45:05 Drill
45:53 Capped Ram
47:11 Siege Onager
反派世界男主角
5:26 Loom
12:56 Feudal Age
13:17 Double-Bit Axe
18:38 Castle Age
16:54 Horse Collar
19:20 Bow Saw
24:31 Heavy Plow
27:33 Wheelbarrow
31:34 Scale Barding Armor
31:46 Bloodlines
33:18 Gold Mining
38:43 Imperial Age
36:29 Forging
37:42 Hand Cart
37:58 Husbandry
40:05 Two-Man Saw
39:53 Crop Rotation
39:46 Conscription
40:20 Gold Shaft Mining
39:10 Cavalier
41:33 Iron Casting
41:21 Chain Barding Armor
41:36 Iron Casting
42:33 Light Cavalry
43:18 Heavy Camel Rider
Matteo426
14:12 Feudal Age
19:04 Castle Age
17:14 Double-Bit Axe
19:40 Fletching
20:06 Bow Saw
20:49 Loom
22:17 Bodkin Arrow
28:59 Horse Collar
30:43 Wheelbarrow
30:55 Ballistics
33:21 Hand Cart
42:21 Imperial Age
43:16 Bracer
44:23 Chemistry
45:39 Forging
45:29 Scale Mail Armor
45:38 Squires
46:05 Conscription
185双开门
2:53 Loom
14:07 Feudal Age
14:47 Town Watch
18:14 Castle Age
16:27 Double-Bit Axe
20:42 Wheelbarrow
20:02 Fishing Lines
20:40 Bow Saw
25:56 Horse Collar
27:14 Gold Mining
27:14 Stone Mining
27:17 Fletching
28:38 Hand Cart
30:29 Forging
30:29 Gillnets
31:27 Bodkin Arrow
32:29 Scale Barding Armor
33:09 Stone Mining
33:54 Gold Shaft Mining
33:51 Padded Archer Armor
34:11 Chain Barding Armor
34:27 Iron Casting
35:01 Leather Archer Armor
35:14 Heavy Plow
38:08 Imperial Age
35:59 Elite Skirmisher
37:48 Thumb Ring
40:11 Chemistry
39:33 Bracer
40:29 Ballistics
44:08 Two-Man Saw
44:58 Imperial Skirmisher
45:53 Husbandry
46:42 Siege Engineers
46:32 Murder Holes
48:41 Conscription
49:14 Plate Barding Armor
49:39 Blast Furnace
49:27 Light Cavalry
50:18 Bloodlines
50:39 Ring Archer Armor
Hector
10:53 Loom
12:38 Feudal Age
16:47 Castle Age
15:57 Double-Bit Axe
18:41 Bow Saw
25:21 Fletching
29:21 Horse Collar
30:11 Bodkin Arrow
30:22 Heavy Plow
32:23 Padded Archer Armor
32:57 Ballistics
33:24 Town Watch
34:19 Wheelbarrow
35:07 Leather Archer Armor
36:30 Hand Cart
36:47 Gold Mining
36:48 Stone Mining
40:12 Imperial Age
38:44 Thumb Ring
38:00 Elite Skirmisher
40:55 Bracer
40:17 Imperial Skirmisher
41:58 Chemistry
41:57 Ring Archer Armor
42:09 Siege Engineers
44:29 Two-Man Saw
44:54 Elite Rattan Archer
Connection lost

Rejoining the realm…

Still unreachable

The connection could not be restored.

Session expired

The server has moved on; the page needs a fresh start.